[ AOE2 MATCH · #506346257 ]
UnrankedSpanish vs Teutons
Player's team · LOSS
Rival team · WIN
[ REPLAY ANALYSIS · EXTRACTED FROM THE RECORDED GAME ]
Feudal
9:50
Castle
20:38
Imperial
33:40
| APM avg | 42.2 |
| APM peak | 98 |
| eAPM avg | 16.1 |
| Villagers / military | 73 / 36 |
Focus
⚔️ 20.6% · 🌾 79.4%
Conquistador ×13 · Hand Cannoneer ×12 · Missionary ×4 · Scout Cavalry ×3 · Petard ×2 · Trebuchet (Packed) ×2
Feudal
9:25
Castle
20:36
Imperial
35:42
| APM avg | 48.8 |
| APM peak | 114 |
| eAPM avg | 29.0 |
| Villagers / military | 111 / 46 |
Focus
⚔️ 23.6% · 🌾 76.4%
Monk ×31 · Spearman ×12 · Trebuchet (Packed) ×3
Match map
Initial resources + every placement click. Lines = walls · curves = elevation contours. ◆ gold · ⬟ stone · ● berries · ✦ relic · ◌ wall gap
Your base· ✓ Closed at 20:38 · 13t walls · 3 gate(s)
阿秋1's base· ✓ Closed at 20:36 · 14t walls · 3 gate(s)
Smoothed initial terrain · ◌ = detected wall gap · hover for details
Inputs per minute
— RiseoftheRuben - - 阿秋1
Build order — RiseoftheRuben
First 150 of 218 actions detected
| 0:00 | Queue | Villager (Male) |
| 0:01 | Queue | Villager (Male) |
| 0:02 | Build | House |
| 0:03 | Build | House |
| 0:20 | Queue | Villager (Male) |
| 0:20 | Queue | Villager (Male) |
| 0:20 | Queue | Villager (Male) |
| 1:24 | Queue | Villager (Male) |
| 1:24 | Queue | Villager (Male) |
| 1:45 | Build | Lumber Camp |
| 1:48 | Queue | Villager (Male) |
| 2:23 | Queue | Villager (Male) |
| 2:23 | Queue | Villager (Male) |
| 2:48 | Queue | Villager (Male) |
| 2:49 | Queue | Villager (Male) |
| 3:30 | Queue | Villager (Male) |
| 3:30 | Queue | Villager (Male) |
| 3:54 | Build | House |
| 4:08 | Queue | Villager (Male) |
| 4:16 | Build | Palisade Wall |
| 4:18 | Build | Palisade Wall |
| 4:19 | Build | Palisade Wall |
| 4:21 | Queue | Villager (Male) |
| 4:21 | Queue | Villager (Male) |
| 4:31 | Build | Mill |
| 4:41 | Build | Palisade Gate |
| 4:42 | Build | Palisade Wall |
| 4:51 | Build | Palisade Gate |
| 4:53 | Queue | Villager (Male) |
| 4:53 | Queue | Villager (Male) |
| 5:03 | Queue | Villager (Male) |
| 5:05 | Build | Palisade Wall |
| 5:14 | Build | Palisade Wall |
| 5:30 | Queue | Villager (Male) |
| 5:58 | Queue | Villager (Male) |
| 6:05 | Build | House |
| 6:41 | Queue | Villager (Male) |
| 7:07 | Queue | Villager (Male) |
| 7:40 | Research | Feudal Age |
| 7:40 | Research | Feudal Age |
| 7:43 | Build | Mining Camp |
| 7:58 | Build | Mining Camp |
| 9:32 | Build | Palisade Wall |
| 9:49 | Research | Loom |
| 9:50 | Queue | Villager (Male) |
| 9:50 | Age | Feudal Age |
| 9:50 | Queue | Villager (Male) |
| 9:58 | Build | Watch Tower |
| 10:03 | Build | Blacksmith |
| 10:11 | Build | House |
| 10:19 | Research | Double-Bit Axe |
| 10:19 | Research | Double-Bit Axe |
| 10:30 | Build | Palisade Wall |
| 10:31 | Build | Palisade Wall |
| 10:52 | Research | Fletching |
| 10:57 | Build | Palisade Wall |
| 11:00 | Queue | Villager (Male) |
| 11:25 | Build | House |
| 11:40 | Queue | Villager (Male) |
| 11:40 | Queue | Villager (Male) |
| 12:01 | Build | House |
| 12:19 | Queue | Villager (Male) |
| 12:36 | Queue | Villager (Male) |
| 13:01 | Build | Market |
| 13:19 | Queue | Villager (Male) |
| 13:25 | Build | Farm |
| 13:44 | Queue | Villager (Male) |
| 14:04 | Queue | Villager (Male) |
| 14:06 | Build | Farm |
| 14:14 | Build | Farm |
| 14:20 | Queue | Villager (Male) |
| 14:41 | Queue | Villager (Male) |
| 15:22 | Queue | Villager (Male) |
| 15:25 | Build | Farm |
| 15:27 | Build | Farm |
| 15:28 | Build | Farm |
| 15:29 | Build | Farm |
| 15:35 | Queue | Villager (Male) |
| 16:07 | Queue | Villager (Male) |
| 16:29 | Build | House |
| 16:35 | Queue | Villager (Male) |
| 17:16 | Queue | Villager (Male) |
| 17:58 | Research | Castle Age |
| 17:58 | Research | Castle Age |
| 19:29 | Research | Horse Collar |
| 20:38 | Age | Castle Age |
| 20:39 | Research | Bodkin Arrow |
| 20:39 | Research | Bodkin Arrow |
| 21:05 | Queue | Villager (Male) |
| 21:05 | Queue | Villager (Male) |
| 21:06 | Queue | Villager (Male) |
| 21:30 | Build | Castle |
| 21:43 | Queue | Villager (Male) |
| 21:49 | Build | Farm |
| 21:50 | Build | Farm |
| 21:51 | Build | Farm |
| 21:52 | Build | Farm |
| 21:55 | Build | Monastery |
| 22:09 | Build | Farm |
| 22:10 | Build | Farm |
| 22:11 | Build | Farm |
| 22:27 | Queue | Conquistador |
| 22:27 | Queue | Conquistador |
| 22:35 | Build | Farm |
| 22:38 | Queue | Villager (Male) |
| 22:51 | Queue | Missionary |
| 22:55 | Queue | Conquistador |
| 23:14 | Queue | Villager (Male) |
| 23:15 | Queue | Conquistador |
| 23:16 | Queue | Conquistador |
| 23:17 | Queue | Villager (Male) |
| 23:55 | Research | Devotion |
| 23:55 | Research | Devotion |
| 24:27 | Queue | Villager (Male) |
| 24:46 | Queue | Conquistador |
| 24:46 | Queue | Conquistador |
| 25:16 | Queue | Missionary |
| 25:28 | Queue | Villager (Male) |
| 25:31 | Build | Barracks |
| 26:19 | Queue | Villager (Male) |
| 26:25 | Build | Stable |
| 26:27 | Build | Mill |
| 26:28 | Build | Farm |
| 26:29 | Build | Farm |
| 26:29 | Build | Farm |
| 26:44 | Queue | Villager (Male) |
| 27:18 | Queue | Villager (Male) |
| 27:18 | Queue | Villager (Male) |
| 27:36 | Queue | Villager (Male) |
| 27:39 | Build | Farm |
| 27:39 | Build | Farm |
| 27:39 | Build | Farm |
| 27:40 | Build | Farm |
| 27:40 | Build | Farm |
| 27:40 | Build | Farm |
| 27:40 | Build | Farm |
| 27:41 | Build | Farm |
| 27:41 | Build | Farm |
| 27:44 | Build | Lumber Camp |
| 28:04 | Queue | Villager (Male) |
| 28:04 | Queue | Villager (Male) |
| 28:15 | Queue | Villager (Male) |
| 28:36 | Queue | Petard |
| 28:36 | Queue | Petard |
| 29:08 | Build | University |
| 29:10 | Build | House |
| 29:11 | Build | House |
| 30:03 | Queue | Conquistador |
| 30:04 | Queue | Conquistador |
| 30:30 | Research | Imperial Age |
Build order — 阿秋1
First 150 of 320 actions detected
| 0:01 | Queue | Villager (Male) |
| 0:01 | Queue | Villager (Male) |
| 0:02 | Build | House |
| 0:03 | Build | House |
| 0:07 | Queue | Villager (Male) |
| 0:11 | Queue | Villager (Male) |
| 1:29 | Queue | Villager (Male) |
| 1:29 | Queue | Villager (Male) |
| 1:53 | Build | Palisade Wall |
| 1:58 | Build | Palisade Gate |
| 1:59 | Build | Palisade Wall |
| 2:08 | Queue | Villager (Male) |
| 2:18 | Build | Palisade Wall |
| 2:21 | Build | Palisade Wall |
| 2:25 | Build | Palisade Wall |
| 2:27 | Build | Palisade Wall |
| 2:28 | Build | Palisade Wall |
| 2:33 | Queue | Villager (Male) |
| 2:35 | Build | Palisade Wall |
| 2:37 | Build | Palisade Wall |
| 2:38 | Build | Palisade Wall |
| 2:41 | Build | Palisade Wall |
| 2:44 | Build | Palisade Wall |
| 2:55 | Queue | Villager (Male) |
| 2:55 | Queue | Villager (Male) |
| 2:55 | Queue | Villager (Male) |
| 3:28 | Queue | Villager (Male) |
| 3:28 | Queue | Villager (Male) |
| 3:45 | Build | Lumber Camp |
| 4:08 | Queue | Villager (Male) |
| 4:08 | Queue | Villager (Male) |
| 4:09 | Queue | Villager (Male) |
| 4:19 | Build | House |
| 4:45 | Queue | Villager (Male) |
| 4:45 | Queue | Villager (Male) |
| 4:45 | Queue | Villager (Male) |
| 5:50 | Queue | Villager (Male) |
| 5:50 | Queue | Villager (Male) |
| 6:04 | Build | Mining Camp |
| 6:40 | Research | Loom |
| 7:07 | Research | Feudal Age |
| 7:07 | Research | Feudal Age |
| 7:21 | Queue | Villager (Male) |
| 7:22 | Queue | Villager (Male) |
| 7:40 | Build | House |
| 7:41 | Build | House |
| 9:20 | Queue | Villager (Male) |
| 9:25 | Age | Feudal Age |
| 9:26 | Build | Watch Tower |
| 9:32 | Build | Blacksmith |
| 9:44 | Research | Double-Bit Axe |
| 9:46 | Queue | Villager (Male) |
| 10:03 | Queue | Villager (Male) |
| 10:14 | Queue | Villager (Male) |
| 10:19 | Build | Mill |
| 10:29 | Research | Fletching |
| 10:29 | Research | Fletching |
| 10:47 | Build | Watch Tower |
| 11:03 | Queue | Villager (Male) |
| 11:42 | Queue | Villager (Male) |
| 11:46 | Build | Farm |
| 11:59 | Queue | Villager (Male) |
| 12:03 | Build | Farm |
| 12:08 | Build | House |
| 12:31 | Queue | Villager (Male) |
| 12:33 | Queue | Villager (Male) |
| 12:36 | Build | Farm |
| 12:38 | Build | Farm |
| 12:53 | Queue | Villager (Male) |
| 12:58 | Build | Farm |
| 13:23 | Queue | Villager (Male) |
| 13:26 | Build | Farm |
| 13:48 | Queue | Villager (Male) |
| 14:01 | Queue | Villager (Male) |
| 14:09 | Build | House |
| 14:09 | Build | House |
| 14:54 | Queue | Villager (Male) |
| 15:03 | Build | Mining Camp |
| 15:12 | Queue | Villager (Male) |
| 15:27 | Queue | Villager (Male) |
| 15:43 | Build | Market |
| 15:59 | Queue | Villager (Male) |
| 16:03 | Build | Farm |
| 16:11 | Queue | Villager (Male) |
| 16:37 | Queue | Villager (Male) |
| 16:55 | Build | Farm |
| 17:56 | Research | Castle Age |
| 17:56 | Research | Castle Age |
| 18:25 | Queue | Villager (Male) |
| 18:28 | Build | House |
| 18:29 | Build | House |
| 18:30 | Research | Horse Collar |
| 18:51 | Build | Farm |
| 18:54 | Queue | Villager (Male) |
| 18:56 | Build | Farm |
| 19:00 | Build | Farm |
| 19:03 | Build | Farm |
| 19:26 | Build | Farm |
| 20:36 | Age | Castle Age |
| 20:37 | Build | University |
| 20:38 | Research | Bodkin Arrow |
| 20:38 | Research | Bodkin Arrow |
| 20:40 | Build | Farm |
| 20:41 | Build | Farm |
| 20:47 | Research | Bow Saw |
| 20:48 | Research | Wheelbarrow |
| 21:02 | Queue | Villager (Male) |
| 21:29 | Build | Farm |
| 21:31 | Build | Farm |
| 21:34 | Build | Farm |
| 21:35 | Build | Farm |
| 21:44 | Research | Guard Tower (upgrade) |
| 22:12 | Research | Guard Tower (upgrade) |
| 22:23 | Build | Monastery |
| 22:25 | Queue | Villager (Male) |
| 22:33 | Build | Mining Camp |
| 22:39 | Research | Gold Mining |
| 22:40 | Research | Gold Mining |
| 22:45 | Research | Gold Mining |
| 22:49 | Queue | Monk |
| 22:51 | Queue | Villager (Male) |
| 23:09 | Build | Lumber Camp |
| 23:33 | Queue | Monk |
| 23:34 | Queue | Villager (Male) |
| 23:38 | Build | Monastery |
| 23:59 | Queue | Monk |
| 23:59 | Queue | Villager (Male) |
| 24:11 | Build | Monastery |
| 24:14 | Build | Monastery |
| 24:27 | Queue | Monk |
| 24:27 | Queue | Villager (Male) |
| 24:28 | Queue | Villager (Male) |
| 24:28 | Queue | Villager (Male) |
| 24:54 | Queue | Villager (Male) |
| 24:54 | Queue | Villager (Male) |
| 24:59 | Queue | Villager (Male) |
| 25:12 | Queue | Villager (Male) |
| 25:12 | Queue | Villager (Male) |
| 25:16 | Build | Farm |
| 25:17 | Build | Farm |
| 25:17 | Build | Farm |
| 25:24 | Queue | Monk |
| 25:25 | Queue | Monk |
| 25:25 | Queue | Monk |
| 25:49 | Build | Barracks |
| 25:55 | Queue | Monk |
| 25:56 | Queue | Monk |
| 25:56 | Queue | Monk |
| 25:56 | Queue | Monk |
| 25:59 | Queue | Villager (Male) |
Match timeline
| 1:53 | 阿秋1 · wall_segment Palisade Wall x3 |
| 1:59 | 阿秋1 · wall_segment Palisade Wall x1 |
| 2:18 | 阿秋1 · wall_segment Palisade Wall x1 |
| 2:21 | 阿秋1 · wall_segment Palisade Wall x1 |
| 2:25 | 阿秋1 · wall_segment Palisade Wall x1 |
| 2:27 | 阿秋1 · wall_segment Palisade Wall x1 |
| 2:28 | 阿秋1 · wall_segment Palisade Wall x1 |
| 2:35 | 阿秋1 · wall_segment Palisade Wall x1 |
| 2:37 | 阿秋1 · wall_segment Palisade Wall x1 |
| 2:38 | 阿秋1 · wall_segment Palisade Wall x1 |
| 2:41 | 阿秋1 · wall_segment Palisade Wall x1 |
| 2:44 | 阿秋1 · wall_segment Palisade Wall x1 |
| 4:16 | RiseoftheRuben · wall_segment Palisade Wall x1 |
| 4:18 | RiseoftheRuben · wall_segment Palisade Wall x1 |
| 4:19 | RiseoftheRuben · wall_segment Palisade Wall x1 |
| 4:42 | RiseoftheRuben · wall_segment Palisade Wall x1 |
| 5:05 | RiseoftheRuben · wall_segment Palisade Wall x1 |
| 5:14 | RiseoftheRuben · wall_segment Palisade Wall x1 |
| 9:25 | 阿秋1 · age_up feudal |
| 9:32 | RiseoftheRuben · wall_segment Palisade Wall x4 |
| 9:50 | RiseoftheRuben · age_up feudal |
| 10:30 | RiseoftheRuben · wall_segment Palisade Wall x1 |
| 10:31 | RiseoftheRuben · wall_segment Palisade Wall x1 |
| 10:57 | RiseoftheRuben · wall_segment Palisade Wall x1 |
| 14:11 | RiseoftheRuben · first_market_buy 100 wood |
| 14:37 | RiseoftheRuben · first_market_sell 100 stone |
| 20:36 | 阿秋1 · age_up castle |
| 20:38 | RiseoftheRuben · age_up castle |
| 21:30 | RiseoftheRuben · first_building Castle |
| 21:43 | 阿秋1 · first_market_buy 100 wood |
| 21:55 | RiseoftheRuben · first_building Monastery |
| 22:23 | 阿秋1 · first_building Monastery |
| 25:31 | RiseoftheRuben · first_building Barracks |
| 25:49 | 阿秋1 · first_building Barracks |
| 26:25 | RiseoftheRuben · first_building Stable |
| 32:55 | 阿秋1 · first_building Castle |
| 33:40 | RiseoftheRuben · age_up imperial |
| 34:22 | RiseoftheRuben · first_building Archery Range |
| 35:04 | 阿秋1 · wall_segment Stone Wall x4 |
| 35:42 | 阿秋1 · age_up imperial |
| 36:27 | RiseoftheRuben · first_building Siege Workshop |
| 36:40 | 阿秋1 · wall_segment Stone Wall x1 |
| 36:41 | 阿秋1 · wall_segment Stone Wall x1 |
| 37:24 | RiseoftheRuben · resign |
[ AI ANALYSIS · 1 CREDIT ]
What really happened in this match?
Wolo.gg analyzes every decision: build order, eco, micro, common mistakes by bracket. Personalized analysis on WhatsApp or Discord in 30 seconds.
Civ guide
Spanish
Perfil
Jugador #1072539